TOP OF THE 1ST |
South Florida Bulls batting - Pitching for Texas Christian Horned Frogs : LHP John Perkins
|
Pitching: LHP John Perkins
|
|
Batting: RHB Ronnie Rogers
|
0-0: Ball 1-0: Foul Ball, location: 2F 1-1: Called Strike 1-2: Ball 2-2: Fly out, F5 (Line Drive, 5S)
|
Now at 3B: Troy Perkins
|
|
Batting: RHB Joe LaFontaine
|
0-0: Ball 1-0: Foul Ball, location: 2F 1-1: Ball 2-1: Ball 3-1: Base on Balls
|
Batting: RHB Leonardo Sinisterra
|
0-0: Ball 1-0: Foul Ball, location: 2F 1-1: Foul Ball, location: 2F 1-2: Foul Ball, location: 2F 1-2: Strikes out looking
|
Batting: RHB Warren Strathbogie
|
0-0: Ball Joe LaFontaine steals 2nd base 1-0: Swinging Strike 1-1: Ground out 4-3 (Groundball, 4M)
|
Top of the 1st over - 0 run(s), 0 hit(s), 0 error(s), 1 left on base; South Florida 0 - Texas Christian 0 |
BOTTOM OF THE 1ST |
Texas Christian Horned Frogs batting - Pitching for South Florida Bulls : RHP Albert Bythell
|
Pitching: RHP Albert Bythell
|
|
Batting: LHB Winston Lewis
|
0-0: Foul Ball, location: 2F 0-1: Bunt for hit - play at first, batter safe!
|
Batting: RHB Stan Webb
|
0-0: Ball Winston Lewis steals 2nd base 1-0: Ball 2-0: Ground out 6-3 (Groundball, 6)
|
Batting: RHB Stan Davis
|
0-0: Ball 1-0: Foul Ball, location: 2F 1-1: Fly out, F8 (Flyball, 8RM)
|
Batting: RHB Brad Ravenshaw
|
0-0: Ball 1-0: Ball 2-0: Called Strike 2-1: Fly out, F8 (Flyball, 78M)
|
Bottom of the 1st over - 0 run(s), 1 hit(s), 0 error(s), 1 left on base; South Florida 0 - Texas Christian 0 |
TOP OF THE 2ND |
South Florida Bulls batting - Pitching for Texas Christian Horned Frogs : LHP John Perkins
|
Batting: SHB Troy Holland
|
0-0: Called Strike 0-1: Called Strike 0-2: Ball 1-2: Ball 2-2: Ball 3-2: Ground out 1-3 (Groundball, 13)
|
Batting: LHB Eric Mendoza
|
0-0: Ball 1-0: Called Strike 1-1: Ball 2-1: Ball 3-1: Reached on error, E6 (Groundball, 6)
|
Batting: RHB Víctor Pérez
|
0-0: Ball 1-0: Ball 2-0: Foul Ball, location: 2F 2-1: Foul Ball, location: 2F 2-2: SINGLE (Line Drive, 78S) Eric Mendoza to third Runner from 3rd tries for Home, SAFE, no throw
|
Batting: RHB John Russell
|
0-0: Ball 1-0: Ball 2-0: Called Strike 2-1: SINGLE (Groundball, 34) (infield hit) Víctor Pérez to second
|
Batting: LHB Martin Ortíz
|
0-0: Foul Ball, location: 2F 0-1: Ball 1-1: Ball 2-1: Ball 3-1: Base on Balls Víctor Pérez to third John Russell to second
|
Batting: RHB Ronnie Rogers
|
0-0: Called Strike 0-1: Called Strike 0-2: Ball 1-2: Ball 2-2: Foul Ball, location: 2F 2-2: Fly out, F8 (Flyball, 89M) Runner from 3rd tags up, SCORES, no throw
|
Batting: RHB Joe LaFontaine
|
0-0: Fielders Choice at 2nd, 6-4 (Groundball, 6)
|
Top of the 2nd over - 2 run(s), 2 hit(s), 1 error(s), 1 left on base; South Florida 2 - Texas Christian 0 |
BOTTOM OF THE 2ND |
Texas Christian Horned Frogs batting - Pitching for South Florida Bulls : RHP Albert Bythell
|
Batting: SHB Ron Winston
|
0-0: Foul Ball, location: 2F 0-1: Ball 1-1: Ball 2-1: Called Strike 2-2: Ball 3-2: Strikes out swinging
|
Batting: LHB Todd Gilliam
|
0-0: Swinging Strike 0-1: Ball 1-1: Fly out, F7 (Flyball, 7LS)
|
Batting: SHB Troy Perkins
|
0-0: Ball 1-0: Ground out 5-3 (Groundball, 5S)
|
Bottom of the 2nd over - 0 run(s), 0 hit(s), 0 error(s), 0 left on base; South Florida 2 - Texas Christian 0 |
TOP OF THE 3RD |
South Florida Bulls batting - Pitching for Texas Christian Horned Frogs : LHP John Perkins
|
Batting: RHB Leonardo Sinisterra
|
0-0: Called Strike 0-1: SINGLE (Line Drive, 34D)
|
Batting: RHB Warren Strathbogie
|
0-0: Called Strike 0-1: Ball 1-1: Swinging Strike 1-2: Hit by Pitch Leonardo Sinisterra to second
|
Batting: SHB Troy Holland
|
0-0: Called Strike 0-1: Ball 1-1: Ball 2-1: Swinging Strike 2-2: Strikes out looking
|
Batting: LHB Eric Mendoza
|
0-0: Ball 1-0: Ball 2-0: Called Strike 2-1: Ball 3-1: Base on Balls Leonardo Sinisterra to third Warren Strathbogie to second
|
Batting: RHB Víctor Pérez
|
0-0: Grounds into double play, 4-6-3 (Groundball, 4)
|
Top of the 3rd over - 0 run(s), 1 hit(s), 0 error(s), 2 left on base; South Florida 2 - Texas Christian 0 |
BOTTOM OF THE 3RD |
Texas Christian Horned Frogs batting - Pitching for South Florida Bulls : RHP Albert Bythell
|
Batting: RHB Jeff Byford
|
0-0: Ball 1-0: Ball 2-0: Called Strike 2-1: SINGLE (Line Drive, 89S)
|
Batting: LHB Paul Lee
|
0-0: Fielders Choice at 2nd, 4-6 (Groundball, 4)
|
Batting: LHB Winston Lewis
|
0-0: Called Strike Throwing error on steal attempt, E2 Paul Lee to third 0-1: Fly out, F9 (Flyball, 9S)
|
Batting: RHB Stan Webb
|
0-0: Ball Passed Ball! Paul Lee scores 1-0: Called Strike 1-1: Ball 2-1: Ball 3-1: Swinging Strike 3-2: SOLO HOME RUN (Flyball, 8LXD), Distance : 446 ft
|
Batting: RHB Stan Davis
|
0-0: Foul Ball, location: 2F 0-1: SINGLE (Groundball, 6D)
|
Batting: RHB Brad Ravenshaw
|
0-0: Foul Ball, location: 2F 0-1: Foul Ball, location: 2F 0-2: Fly out, F6 (Flyball, 6MD)
|
Bottom of the 3rd over - 2 run(s), 3 hit(s), 1 error(s), 1 left on base; South Florida 2 - Texas Christian 2 |
TOP OF THE 4TH |
South Florida Bulls batting - Pitching for Texas Christian Horned Frogs : LHP John Perkins
|
Batting: RHB John Russell
|
0-0: Ball 1-0: Ball 2-0: Fly out, F7 (Flyball, 78M)
|
Batting: LHB Martin Ortíz
|
0-0: Ball 1-0: Ball 2-0: Foul Ball, location: 2F 2-1: Foul Ball, location: 2F 2-2: Strikes out swinging
|
Batting: RHB Ronnie Rogers
|
0-0: Called Strike 0-1: Fly out, F7 (Flyball, 7LM)
|
Top of the 4th over - 0 run(s), 0 hit(s), 0 error(s), 0 left on base; South Florida 2 - Texas Christian 2 |
BOTTOM OF THE 4TH |
Texas Christian Horned Frogs batting - Pitching for South Florida Bulls : RHP Albert Bythell
|
Batting: SHB Ron Winston
|
0-0: Ball 1-0: Swinging Strike 1-1: Ball 2-1: Swinging Strike 2-2: Strikes out looking
|
Batting: LHB Todd Gilliam
|
0-0: Ball 1-0: SINGLE (Flyball, 4D)
|
Batting: SHB Troy Perkins
|
0-0: Ball 1-0: Called Strike 1-1: Foul Ball, location: 2F 1-2: Fly out, F8 (Line Drive, 8LM)
|
Batting: RHB Jeff Byford
|
0-0: Ball 1-0: Fly out, F9 (Flyball, 9)
|
Bottom of the 4th over - 0 run(s), 1 hit(s), 0 error(s), 1 left on base; South Florida 2 - Texas Christian 2 |
TOP OF THE 5TH |
South Florida Bulls batting - Pitching for Texas Christian Horned Frogs : LHP John Perkins
|
Batting: RHB Joe LaFontaine
|
0-0: Called Strike 0-1: Called Strike 0-2: Ball 1-2: Strikes out looking
|
Pitching: RHP Hsin-pei Hong
|
|
Batting: RHB Leonardo Sinisterra
|
0-0: Ball 1-0: Ball 2-0: Called Strike 2-1: Foul Ball, location: 2F 2-2: Ball 3-2: Base on Balls
|
Batting: RHB Warren Strathbogie
|
0-0: Called Strike 0-1: Foul Ball, location: 2F 0-2: Ball 1-2: Ball 2-2: SINGLE (Groundball, 6MD) Leonardo Sinisterra to second Runner from 2nd tries for 3rd, SAFE, throw made to third
|
Batting: SHB Troy Holland
|
0-0: Called Strike 0-1: Called Strike 0-2: Ball 1-2: Fly out, F9 (Flyball, 9LS)
|
Batting: LHB Eric Mendoza
|
0-0: Ground out 6-3 (Groundball, 6S)
|
Top of the 5th over - 0 run(s), 1 hit(s), 0 error(s), 2 left on base; South Florida 2 - Texas Christian 2 |
BOTTOM OF THE 5TH |
Texas Christian Horned Frogs batting - Pitching for South Florida Bulls : RHP Albert Bythell
|
Batting: LHB Paul Lee
|
0-0: Called Strike 0-1: Ball 1-1: Ball 2-1: Ball 3-1: Base on Balls
|
Batting: LHB Winston Lewis
|
0-0: Ball 1-0: SINGLE (Groundball, 34D) Paul Lee to second Throwing error, E9 Paul Lee scores Winston Lewis to second
|
Batting: RHB Stan Webb
|
0-0: SINGLE (Line Drive, 56) Winston Lewis to third
|
Batting: RHB Stan Davis
|
0-0: Ball 1-0: Ball 2-0: Called Strike 2-1: Called Strike 2-2: Ball 3-2: Base on Balls Stan Webb to second
|
Batting: RHB Brad Ravenshaw
|
0-0: Ball 1-0: Ball 2-0: Ball 3-0: Base on Balls Winston Lewis scores Stan Webb to third Stan Davis to second
|
Batting: SHB Ron Winston
|
0-0: GRAND SLAM HOME RUN (Flyball, 8LXD), Distance : 442 ft
|
Pitching: RHP William McCray
|
|
Batting: LHB Todd Gilliam
|
0-0: Called Strike 0-1: Ball 1-1: Called Strike 1-2: Ball 2-2: Ball 3-2: Strikes out swinging
|
Batting: SHB Troy Perkins
|
0-0: Ball 1-0: Called Strike 1-1: Foul Ball, location: 2F 1-2: Fly out, F8 (Flyball, 8LM)
|
Batting: RHB Jeff Byford
|
0-0: Ball 1-0: Ball 2-0: Ball 3-0: Base on Balls
|
Batting: LHB Paul Lee
|
0-0: Ball 1-0: Ground out U3 (Groundball, 3)
|
Bottom of the 5th over - 6 run(s), 3 hit(s), 1 error(s), 1 left on base; South Florida 2 - Texas Christian 8 |
TOP OF THE 6TH |
South Florida Bulls batting - Pitching for Texas Christian Horned Frogs : RHP Hsin-pei Hong
|
Batting: RHB Víctor Pérez
|
0-0: Ball 1-0: Called Strike 1-1: Foul Ball, location: 2F 1-2: Foul Ball, location: 2F 1-2: Ball 2-2: Fly out, F9 (Flyball, 9S)
|
Batting: RHB John Russell
|
0-0: Called Strike 0-1: Ball 1-1: Fly out, F8 (Flyball, 78S)
|
Batting: LHB Martin Ortíz
|
0-0: Foul Ball, location: 2F 0-1: Ball 1-1: Foul Ball, location: 2F 1-2: Strikes out swinging
|
Top of the 6th over - 0 run(s), 0 hit(s), 0 error(s), 0 left on base; South Florida 2 - Texas Christian 8 |
BOTTOM OF THE 6TH |
Texas Christian Horned Frogs batting - Pitching for South Florida Bulls : RHP William McCray
|
Batting: LHB Winston Lewis
|
0-0: Ball 1-0: Ball 2-0: SINGLE (Groundball, 56D)
|
Batting: RHB Stan Webb
|
0-0: Called Strike 0-1: Swinging Strike 0-2: Ball 1-2: Grounds into double play, 4-6-3 (Groundball, 4)
|
Batting: RHB Stan Davis
|
0-0: Called Strike 0-1: Foul Ball, location: 2F 0-2: Ball 1-2: Ball 2-2: Strikes out swinging
|
Bottom of the 6th over - 0 run(s), 1 hit(s), 0 error(s), 0 left on base; South Florida 2 - Texas Christian 8 |
TOP OF THE 7TH |
South Florida Bulls batting - Pitching for Texas Christian Horned Frogs : RHP Hsin-pei Hong
|
Batting: RHB Ronnie Rogers
|
0-0: Called Strike 0-1: Ball 1-1: Swinging Strike 1-2: Foul Ball, location: 2F 1-2: Strikes out looking
|
Batting: RHB Joe LaFontaine
|
0-0: Swinging Strike 0-1: Ball 1-1: Called Strike 1-2: Foul Ball, location: 2F 1-2: Ball 2-2: Ball 3-2: Strikes out swinging
|
Batting: RHB Leonardo Sinisterra
|
0-0: Foul Ball, location: 2F 0-1: Called Strike 0-2: Ball 1-2: Ball 2-2: Ground out 6-3 (Groundball, 6)
|
Top of the 7th over - 0 run(s), 0 hit(s), 0 error(s), 0 left on base; South Florida 2 - Texas Christian 8 |
BOTTOM OF THE 7TH |
Texas Christian Horned Frogs batting - Pitching for South Florida Bulls : RHP William McCray
|
Batting: RHB Brad Ravenshaw
|
0-0: Called Strike 0-1: Ball 1-1: Ball 2-1: Fly out, F9 (Flyball, 9S)
|
Batting: SHB Ron Winston
|
0-0: Ball 1-0: Ball 2-0: Ball 3-0: Base on Balls
|
Batting: LHB Todd Gilliam
|
0-0: Swinging Strike 0-1: Ball 1-1: SINGLE (Groundball, 4MD) Ron Winston to second Runner from 2nd tries for 3rd, SAFE, no throw
|
Batting: SHB Troy Perkins
|
0-0: Ball 1-0: Called Strike 1-1: Ball 2-1: Foul Ball, location: 2F 2-2: Ball 3-2: Strikes out swinging
|
Batting: RHB Jeff Byford
|
0-0: Ball 1-0: Fly out, F8 (Flyball, 8RM)
|
Bottom of the 7th over - 0 run(s), 1 hit(s), 0 error(s), 2 left on base; South Florida 2 - Texas Christian 8 |
TOP OF THE 8TH |
South Florida Bulls batting - Pitching for Texas Christian Horned Frogs : RHP Hsin-pei Hong
|
Batting: RHB Warren Strathbogie
|
0-0: Foul Ball, location: 2F 0-1: Foul Ball, location: 2F 0-2: Ball 1-2: Strikes out looking
|
Batting: SHB Troy Holland
|
0-0: Ball 1-0: Called Strike 1-1: Swinging Strike 1-2: Ground out U3 (Groundball, 34)
|
Batting: LHB Eric Mendoza
|
0-0: Ball 1-0: Called Strike 1-1: Ball 2-1: Swinging Strike 2-2: Ball 3-2: Strikes out swinging
|
Top of the 8th over - 0 run(s), 0 hit(s), 0 error(s), 0 left on base; South Florida 2 - Texas Christian 8 |
BOTTOM OF THE 8TH |
Texas Christian Horned Frogs batting - Pitching for South Florida Bulls : RHP William McCray
|
Batting: LHB Paul Lee
|
0-0: Called Strike 0-1: Ball 1-1: Ball 2-1: Foul Ball, location: 2F 2-2: Ball 3-2: Ground out 3-1 (Groundball, 34S)
|
Batting: LHB Winston Lewis
|
0-0: Ball 1-0: Ball 2-0: Called Strike 2-1: Fly out, F8 (Flyball, 8LD)
|
Batting: RHB Stan Webb
|
0-0: Ball 1-0: Called Strike 1-1: Foul Ball, location: 2F 1-2: Foul Ball, location: 2F 1-2: Ball 2-2: Ball 3-2: Strikes out swinging
|
Bottom of the 8th over - 0 run(s), 0 hit(s), 0 error(s), 0 left on base; South Florida 2 - Texas Christian 8 |
TOP OF THE 9TH |
South Florida Bulls batting - Pitching for Texas Christian Horned Frogs : RHP Hsin-pei Hong
|
Pitching: RHP Brian López
|
|
Batting: RHB Víctor Pérez
|
0-0: Ball 1-0: Swinging Strike 1-1: Ball 2-1: Ground out 4-3 (Groundball, 4)
|
Batting: RHB John Russell
|
0-0: Ball 1-0: SOLO HOME RUN (Flyball, 8LXD), Distance : 448 ft
|
Batting: LHB Martin Ortíz
|
0-0: TRIPLE (Line Drive, 89S)
|
Batting: RHB Ronnie Rogers
|
0-0: Swinging Strike 0-1: Ball 1-1: Foul Ball, location: 2F 1-2: Reached on error, E1 (Groundball, P) Martin Ortíz scores
|
Batting: RHB Joe LaFontaine
|
0-0: Foul Ball, location: 2F 0-1: Foul Ball, location: 2F 0-2: Ball 1-2: Ball 2-2: Strikes out looking
|
Batting: RHB Leonardo Sinisterra
|
0-0: Ball 1-0: Foul Ball, location: 2F 1-1: Ball 2-1: Foul Ball, location: 2F 2-2: SINGLE (Line Drive, 89S) Ronnie Rogers to second
|
Pitching: RHP Dick Davis
|
|
Batting: RHB Warren Strathbogie
|
0-0: Swinging Strike 0-1: Foul Ball, location: 2F 0-2: Foul Ball, location: 2F 0-2: Ball 1-2: Ball 2-2: Ball 3-2: Fly out, F9 (Flyball, 9)
|
Top of the 9th over - 2 run(s), 3 hit(s), 1 error(s), 2 left on base; South Florida 4 - Texas Christian 8 |
|